 Dungeon Crawl Stone Soup version 0.31.0-11-ge490571c62 (webtiles) character file.

Game seed: 836221624975325050

276 NotreDorf the Ruffian (level 6, -2/62 HPs)
             Began as a Troll Berserker on Jan 27, 2024.
             Was a Priest of Trog.
             Slain by Eustachio
             ... wielding a +0 falchion
              (7 damage)
             ... on level 4 of the Dungeon.
             The game lasted 00:06:45 (1937 turns).

NotreDorf the Ruffian (Troll Berserker)             Turns: 1937, Time: 00:06:45

Health: -2/62      AC:  4    Str: 28    XL:     6   Next: 4%
Magic:  5/5        EV: 10    Int:  3    God:    Trog [***...]
Gold:   148        SH:  0    Dex:  9    Spells: 5/5 levels left

rFire   . .          .
                       - Unarmed
rCold   . . .        (no shield)
rNeg    . . .        a - +0 animal skin
rPois   .            (helmet restricted)
rElec   .            (no cloak)
rCorr   .            (gloves unavailable)
SInv    .            (boots unavailable)
Will    .....        (no amulet)
Stlth   +            (no ring)
HPRegen 1.10/turn    (no ring)
MPRegen 0.09/turn

%: no passive effects
@: no status effects
A: large, unfitting armour, claws 3, regeneration 1, shaggy fur 1, tough skin 1
a: Renounce Religion, Berserk, Trog's Hand


You were on level 4 of the Dungeon.
You worshipped Trog.
Trog was most pleased with you.
You visited 1 branch of the dungeon, and saw 4 of its levels.

You collected 148 gold pieces.

Inventory:

Missiles
 f - 10 poisoned darts (quivered)
Armour
 a - a +0 animal skin (worn)
Wands
 o - a wand of flame (19)
Scrolls
 b - a scroll of blinking {unknown}
 c - a scroll of immolation {unknown}
 i - 2 scrolls of teleportation {unknown}
 l - 2 scrolls of summoning {unknown}
 m - 3 scrolls of identify {unknown}
Potions
 d - a potion of curing
 e - a potion of lignification {unknown}
 g - a potion of enlightenment {unknown}
 h - 2 potions of mutation {unknown}
 j - 4 potions of degeneration {unknown}
 k - 2 potions of attraction {unknown}
 n - a potion of might {unknown}
 p - a potion of brilliance {unknown}


   Skills:
 + Level 3.8 Fighting
 + Level 3.7 Dodging
 + Level 4.5 Unarmed Combat


You had 5 spell levels left.
You didn't know any spells.
Your spell library was empty.

Dungeon Overview and Level Annotations

Branches:
Dungeon (4/15)
 Temple: D:4-7

Altars:

Shops:
D:1 (

Annotations:
D:4 3 runed translucent doors, Didimus's ghost, weakling HuDe; Eustachio; Gadfly's ghost, amateur MfMo; Hsik's ghost, amateur DjBe; MrSquiggles's ghost, amateur DsWn; Sigmund; jejorda2's ghost, amateur DrBe


Innate Abilities, Weirdness & Mutations

You are too large for most types of armour.
You have claws for hands.
Your natural rate of healing is unusually fast.
You are covered in fur. (AC +1)
You have tough skin. (AC +1)


Message History

You kill the orc priest!
Trog accepts your kill. The quokka completely misses you.
You scratch the orc priest but do no damage.
The orc priest closely misses you. The quokka bites you.
* * * LOW HITPOINT WARNING * * *
You barely miss the orc priest. The orc priest hits you with a +0 club.
* * * LOW HITPOINT WARNING * * *
The quokka bites you.
* * * LOW HITPOINT WARNING * * *
You claw the orc priest!
The orc priest is heavily wounded.
The orc priest misses you. The quokka closely misses you.
You claw the orc priest!
You kill the orc priest!
Trog accepts your kill. The quokka closely misses you.
You have reached level 6!
You feel stronger.
You closely miss Eustachio. Eustachio barely misses you.
The quokka twitches its whiskers.
The quokka barely misses you.
You claw Eustachio!
Eustachio is moderately wounded.
The quokka bites you.
* * * LOW HITPOINT WARNING * * *
Eustachio hits you with a +0 falchion!
* * * LOW HITPOINT WARNING * * *
It was a potion of curing.
You feel better.
The quokka bites you but does no damage.
Eustachio mumbles some strange words.
You barely miss the quokka.
The quokka bites you but does no damage.
Eustachio hits you but does no damage. The quokka bites you.
* * * LOW HITPOINT WARNING * * *
You barely miss the quokka. The iron imp hits you.
* * * LOW HITPOINT WARNING * * *
Eustachio hits you with a +0 falchion!
You die...
Eustachio says, "Such is the fate of all honourless rascals."

#..#.....###.# #...........
.o....#..#.........######...##...
..o..r....##...##..# ##.### #..
.........# ##.###..####..# ..
.......## #..#....##..)##
#.5.....####.####.......†#
#............#......###.......
##............#......# ........
##.#.# ......@@5##.............
#..<.# ......r..##.#.....#.....
#......# ##.......#####...##.....
###.#### #........# ###.. .....
#.# #......... .. .. #..
#.......... ##. ..........# #
..........#


You could see Eustachio, an iron imp (summoned) and a quokka (summoned).

Vanquished Creatures
  3 orc priests (D:4)
  Ijyb (D:3)
  Natasha (D:2)
  Robin (D:3)
  2 adders
  3 dart slugs
  2 ribbon worms
  5 orcs
  9 endoplasms
  7 giant cockroaches
  15 goblins
  10 hobgoblins
  4 jackals (D:1)
  2 quokkas (D:1)
  6 ball pythons
  7 bats
  6 frilled lizards
  2 kobolds
  3 rats (D:1)
89 creatures vanquished.

Notes
Turn   | Place    | Note
-------+----------+-------------------------------------------
     0 | D:1      | NotreDorf the Troll Berserker began the quest for the Orb.
     0 | D:1      | Reached XP level 1. HP: 22/22 MP: 0/0
   146 | D:1      | Reached XP level 2. HP: 29/29 MP: 1/1
   154 | D:1      | Found Ogyvus's Weapon Boutique.
   489 | D:1      | Reached ** piety under Trog
   490 | D:1      | Reached XP level 3. HP: 36/36 MP: 2/2
   774 | D:2      | Reached XP level 4. HP: 45/45 MP: 3/3
  1157 | D:2      | Noticed Natasha
  1162 | D:2      | Killed Natasha
  1356 | D:3      | Noticed Ijyb
  1369 | D:3      | Killed Ijyb
  1370 | D:3      | Reached skill level 4 in Unarmed Combat
  1420 | D:3      | Reached XP level 5. HP: 53/53 MP: 4/4
  1469 | D:3      | Noticed Robin
  1478 | D:3      | Reached *** piety under Trog
  1482 | D:3      | Killed Robin
  1788 | D:4      | Noticed Eustachio
  1788 | D:4      | Noticed Sigmund
  1869 | D:4      | Noticed jejorda2's ghost (amateur DrBe)
  1869 | D:4      | Noticed Hsik's ghost (amateur DjBe)
  1869 | D:4      | Found a runed translucent gate.
  1869 | D:4      | Found a runed translucent gate.
  1869 | D:4      | Found a runed translucent gate.
  1871 | D:4      | Noticed Didimus's ghost (weakling HuDe)
  1872 | D:4      | Noticed MrSquiggles's ghost (amateur DsWn)
  1874 | D:4      | Noticed Gadfly's ghost (amateur MfMo)
  1933 | D:4      | Reached XP level 6. HP: 10/62 MP: 5/5
  1934 | D:4      | HP: 1/62 [Eustachio/+0 falchion (9)]
  1937 | D:4      | Slain by Eustachio

Illustrated notes

Levels and vault maps discovered:
D:1:      spicycebolla_arrival_ecumenical, layout_basic, serial_shops,
          nicolae_shop_tiny_glass, serial_bayou_pond_c
D:2:      layout_basic, uniq_natasha
D:3:      layout_basic, uniq_robin, uniq_ijyb
D:4:      layout_cave_pools, minmay_temple_entry_fiery,
          gammafunk_ghost_cemetery, uniq_eustachio, uniq_sigmund, uniq_grinder,
          uniq_pikel

Skill      XL: |  1  2  3  4 |
---------------+-------------+-----
Fighting       | 3 |  3.8
Dodging        | 3 |  3.7
Unarmed Combat | 4 |  4.5

Action                     |  1- 3 |  4- 6 || total
---------------------------+-------+-------++-------
  Melee: Unarmed           |   107 |   112 ||   219
         Punch             |     2 |     2 ||     4
    Use: Potion            |       |     1 ||     1
   Stab: Sleeping          |     1 |       ||     1
 Armour: Animal skin       |    80 |    67 ||   147
  Dodge: Dodged            |    57 |    62 ||   119
